 Dungeon Crawl Stone Soup version 0.25.1-2-g60ff931df9 (webtiles) character file.

Game seed: 15453082599637078370

21075 DildoBatman the Black Sun (level 13, 0/98 HPs)
             Began as a Formicid Wizard on Sept 2, 2020.
             Was a High Priest of Kikubaaqudgha.
             Killed from afar by Jorgrun (67 damage)
             ... with an iron shot
             ... on level 2 of the Orcish Mines.
             The game lasted 01:03:56 (14520 turns).

DildoBatman the Black Sun (Formicid Wizard)        Turns: 14520, Time: 01:03:57

Health: 0/98       AC: 14    Str: 16    XL:     13   Next: 17%
Magic:  7/22       EV: 14    Int: 23    God:    Kikubaaqudgha [*****.]
Gold:   1038       SH:  4    Dex:  9    Spells: 3/24 levels left

rFire    . . .     SeeInvis +   a - +10 dagger "Mud Pie of Death" {freeze, Str+4}
rCold    . . .     Gourm    .   Q - +0 buckler
rNeg     . . .     Faith    +   o - +4 troll leather armour
rPois    .         Spirit   .   (helmet unavailable)
rElec    .         Reflect  .   (no cloak)
rCorr    .         Harm     .   (no gloves)
MR       ++...                  l - +0 pair of boots
Stlth    ++........             S - amulet of faith
HPRegen  0.66/turn              p - +4 ring of protection
MPRegen  0.18/turn              B - ring of protection from magic

@: no status effects
A: permanent stasis, dig shafts and tunnels, four strong arms, antennae 3
a: Dig, Shaft Self, Receive Corpses, Torment, Renounce Religion


You were on level 2 of the Orcish Mines.
You worshipped Kikubaaqudgha.
Kikubaaqudgha was extremely pleased with you.
You were not hungry.

You visited 3 branches of the dungeon, and saw 14 of its levels.
You also visited: Ossuary.

You collected 1038 gold pieces.

Inventory:

Hand Weapons
 a - the +10 dagger "Mud Pie of Death" (weapon) {freeze, Str+4}
   (You found it on level 7 of the Dungeon)

   It has been specially enchanted to freeze those struck by it, causing extra
   injury to most foes and up to half again as much damage against particularly
   susceptible opponents.
   It can also slow down cold-blooded creatures.
   It affects your strength (+4).
 b - a +4 halberd
 c - a +0 hunting sling
Missiles
 i - 323 stones
 q - 28 sling bullets
 u - 194 arrows
 w - 19 poisoned darts (quivered)
 E - 11 bolts
 F - 28 boomerangs
 O - 3 atropa-tipped darts
 P - 3 javelins
 R - 2 throwing nets
Armour
 j - the +1 robe of Abstinence {rCorr}
   (You found it on level 10 of the Dungeon)

   It provides partial protection from all sources of acid and corrosion.
 l - a +0 pair of boots (worn)
 o - a +4 troll leather armour (worn)
 Q - a +0 buckler (worn)
Jewellery
 g - an uncursed amulet of the acrobat
 p - a +4 ring of protection (left hand)
 B - a ring of protection from magic (right hand)
 S - an amulet of faith (around neck)
Wands
 m - a wand of clouds (6)
 y - a wand of paralysis (13)
 N - a wand of iceblast (4)
Scrolls
 f - a scroll of fog {unknown}
 n - 2 scrolls of enchant weapon
 x - 4 scrolls of remove curse
 z - a scroll of identify
 C - a scroll of magic mapping
 D - a scroll of enchant armour
 H - 3 scrolls of amnesia
 I - a scroll of random uselessness {unknown}
 J - 2 scrolls of fear {unknown}
Potions
 d - 5 potions of brilliance
 e - 3 potions of might
 h - 6 potions of lignification
 r - a potion of berserk rage {unknown}
 s - 5 potions of curing
 t - 2 potions of ambrosia
 A - 4 potions of flight
 G - 4 potions of invisibility
 K - 2 potions of stabbing {unknown}
 L - 4 potions of heal wounds
 M - a potion of mutation {unknown}
Comestibles
 k - 9 chunks of flesh
 v - 20 rations


   Skills:
 * Level 7.9 Fighting
 * Level 8.0 Armour
 * Level 6.9 Dodging
 - Level 2.4 Stealth
 * Level 5.4 Shields
 - Level 6.0 Spellcasting
 - Level 6.0 Conjurations
   Level 1.0 Summonings
 - Level 9.0 Necromancy
   Level 0.8 Translocations
 - Level 5.0 Fire Magic
 - Level 5.0 Air Magic
 - Level 9.0 Earth Magic


You had 3 spell levels left.
You knew the following spells:

 Your Spells              Type           Power        Failure   Level  Hunger
a - Conjure Flame         Conj/Fire      ####....     3%          3    #......
b - Borgnjor's Vile Clut  Necr/Erth      #####.....   7%          5    #####..
c - Magic Dart            Conj           ####         1%          1    None
d - Vampiric Draining     Necr           #####.....   1%          3    #......
e - Mephitic Cloud        Conj/Pois/Air  ###.....     7%          3    #......
h - Dispel Undead         Necr           #####...     2%          4    ###....
z - Sublimation of Blood  Necr           #####.....   1%          2    None

Your spell library contained the following spells:

 Spells                   Type           Power        Failure   Level  Hunger
 Animate Skeleton         Necr           N/A          1%          1    None
 Pain                     Necr           ####         1%          1    None
 Call Imp                 Summ           ##......     10%         2    None
 Slow                     Hex            #.......     16%         2    None
 Animate Dead             Necr           N/A          2%          4    ###....
 Death Channel            Necr           #####.....   36%         6    ######.
 Excruciating Wounds      Chrm/Necr      ####......   41%         5    #####..
 Blink                    Tloc           Unusable     N/A         2    N/A

Dungeon Overview and Level Annotations

Branches:
Dungeon (11/15)            Temple (1/1) D:5            Lair (0/6) D:8
    Orc (2/2) D:11        Ossuary (visited)
    Elf: Orc:2

Altars:
Ashenzari
Cheibriados
Dithmenos
Elyvilon
Fedhas
Gozag
Hepliaklqana
Kikubaaqudgha
Makhleb
Nemelex Xobeh
Okawaru
Qazlal
Ru
Sif Muna
Trog
Uskayaw
Vehumet
Wu Jian
Xom
Yredelemnul
Zin
The Shining One

Shops:
D:4 *   D:8 }   D:10 }   Orc:2 **

Annotations:
D:9 exclusion: gargoyle
Orc:2 Jorgrun


Innate Abilities, Weirdness & Mutations

You cannot be hasted, slowed, berserked, paralysed or teleported.
You can dig through walls and to a lower floor.
Your four strong arms can wield two-handed weapons with a shield.
You have a pair of large antennae on your head. (SInv)


Message History

Confirm with . or Enter, or press ? or * to list all spells.
Aiming: Vampiric Draining (safe; 1% risk of failure)
Press: ? - help, Shift-Dir - straight line, f/p - orc warrior
Aim: an orc warrior, wielding a +1 hand axe of electrocution, wearing a +0 plate armour and quivering 6 boomerangs (almost dead, constricted by zombie hands)
You kill the orc warrior!
Kikubaaqudgha accepts your kill.
You feel life coursing into your body.
Jorgrun mutters some incantations to himself.
Casting: Vampiric Draining (safe; 1% risk of failure)
Confirm with . or Enter, or press ? or * to list all spells.
Aiming: Borgnjor's Vile Clutch (dangerous; 7% risk of failure)
Press: ? - help, Shift-Dir - straight line, f - Jorgrun
Aim: Jorgrun, wielding a staff of earth and wearing a +0 robe Zombie hands grab Jorgrun.
The zombie hands constrict Jorgrun.
Jorgrun points at you and mumbles some strange words.
The iron shot hits you!!!
Ouch! That really hurt!
You die...
Kikubaaqudgha rasps: "You have failed me!
Welcome... death!"

. ...#......... ....
...............∩.....
...
..........P........P.
8.#
........#.......8.....
...g#.##..P..P...#
.......#.........#
........#.......##
.................#
......)@..<.....#
#.....$.....#.###
.............#
........#.#..#
..............#
........#.#....#
......######....#
....#. ##.##


You could see Jorgrun (clutched).

Vanquished Creatures
  An orc warlord (D:10)
  A stone giant (D:11)
  Harold (D:7)
  3 two-headed ogres
  Urug (D:11)
  3 orc high priests (Orc:1)
  4 orc knights
  A cyclops (D:7)
  A manticore (D:9)
  5 trolls
  Prince Ribbit (D:7)
  A hippogriff (D:8)
  Sigmund (D:2)
  4 yaks (D:10)
  4 wargs
  2 water moccasins
  31 orc warriors
  A swamp drake (D:11)
  A black bear (D:10)
  An eye of draining (D:10)
  5 ice beasts
  4 sky beasts
  12 ogres
  2 phantoms
  5 centaurs
  An elf zombie (D:7)
  A big kobold (D:10)
  9 bullfrogs
  2 gnoll sergeants
  3 wyvern zombies (Ossuary)
  An elf skeleton (D:7)
  A wyvern skeleton (D:10)
  3 wights (D:4)
  4 howler monkeys
  A crimson imp (D:5)
  4 bullfrog zombies
  A centaur skeleton (D:10)
  5 hounds
  2 human zombies (D:7)
  2 centaur zombies
  A jelly (D:10)
  10 orc priests
  5 iguanas
  19 orc wizards
  5 worker ants
  2 killer bee zombies
  3 hound zombies
  2 hound skeletons
  14 mummies (Ossuary)
  A worker ant zombie (D:10)
  A howler monkey zombie (D:6)
  15 gnolls
  9 adders
  A shadow imp (D:5)
  An adder skeleton (D:7)
  An adder zombie (D:5)
  A worm (D:3)
  2 dart slugs (D:3)
  3 leopard geckos
  59 orcs
  6 giant cockroaches
  7 goblins
  12 hobgoblins
  22 jackals
  A quokka (D:3)
  11 bats
  7 frilled lizards
  A giant cockroach zombie (Ossuary)
  12 kobolds
  A leopard gecko zombie (Ossuary)
  An orc skeleton (D:7)
  An orc zombie (D:7)
  2 quokka zombies
  8 rats
383 creatures vanquished.

Vanquished Creatures (others)
  3 fungi (Orc:2)
  2 withered plants (Ossuary)
5 creatures vanquished.

Grand Total: 388 creatures vanquished

Notes
Turn   | Place    | Note
-------+----------+-------------------------------------------
     0 | D:1      | DildoBatman the Formicid Wizard began the quest for the
                  | Orb.
     0 | D:1      | Reached XP level 1. HP: 13/13 MP: 4/4
    18 | D:1      | Reached skill level 1 in Conjurations
   223 | D:1      | Reached XP level 2. HP: 17/19 MP: 0/6
   598 | D:1      | Reached XP level 3. HP: 24/24 MP: 1/7
   603 | D:1      | Learned a level 3 spell: Conjure Flame
   607 | D:1      | Learned a level 3 spell: Mephitic Cloud
  1587 | D:2      | Found a snail-covered altar of Cheibriados.
  1932 | D:2      | Reached XP level 4. HP: 30/30 MP: 6/8
  2644 | D:3      | Reached XP level 5. HP: 35/35 MP: 0/9
  3288 | D:3      | Noticed Sigmund
  3815 | D:4      | Noticed an orc warrior
  3902 | D:4      | Found a shattered altar of Ashenzari.
  3913 | D:4      | Found Veoteu's General Store.
  3940 | D:5      | Entered Level 5 of the Dungeon
  4006 | D:5      | Noticed an ogre
  4130 | D:5      | Found a staircase to the Ecumenical Temple.
  4139 | Temple   | Entered the Ecumenical Temple
  4157 | Temple   | Became a worshipper of Kikubaaqudgha
  4224 | D:4      | Noticed a bullfrog
  4240 | D:4      | Killed a bullfrog
  4240 | D:4      | Reached skill level 5 in Conjurations
  4240 | D:4      | Reached XP level 6. HP: 9/41 MP: 4/10
  4267 | D:4      | Noticed an ogre
  4292 | D:4      | Killed an ogre
  4292 | D:4      | Reached skill level 1 in Fire Magic
  4378 | D:4      | Reached skill level 1 in Air Magic
  4737 | D:4      | Reached XP level 7. HP: 46/46 MP: 2/11
  4865 | D:2      | Killed Sigmund
  5486 | D:5      | Reached XP level 8. HP: 39/52 MP: 10/12
  5491 | D:5      | Found a shattered altar of Ashenzari.
  5955 | D:4      | Got a masterwork chain mail
  6191 | D:6      | Reached skill level 1 in Fighting
  6191 | D:6      | Reached skill level 1 in Armour
  6207 | D:6      | Identified the +8 chain mail of the Cobbler {*Drain rN+
                  | Slay+2} (You found it on level 4 of the Dungeon)
  6535 | D:6      | Reached XP level 9. HP: 36/61 MP: 0/13
  6582 | D:6      | Reached * piety under Kikubaaqudgha
  6582 | D:6      | Identified Kikubaaqudgha's Incunabulum of Evil
                  | (Kikubaaqudgha gifted it to you on level 6 of the Dungeon)
  6582 | D:6      | Received a gift from Kikubaaqudgha
  6582 | D:6      | Reached skill level 5 in Fire Magic
  6702 | D:6      | Found a sparkling altar of Nemelex Xobeh.
  6711 | D:6      | Found a shadowy altar of Dithmenos.
  6711 | D:6      | Found a stormy altar of Qazlal.
  6714 | D:6      | Found a shimmering altar of Xom.
  6714 | D:6      | Found a white marble altar of Elyvilon.
  7116 | D:6      | Found a blossoming altar of Fedhas.
  7211 | D:7      | Got a crystal dagger
  7212 | D:7      | Identified the +10 dagger "Mud Pie of Death" {freeze,
                  | Str+4} (You found it on level 7 of the Dungeon)
  7291 | D:7      | Found a sand-covered staircase.
  7411 | Ossuary  | Entered an ossuary
  7545 | Ossuary  | Reached skill level 5 in Air Magic
  7546 | Ossuary  | Reached ** piety under Kikubaaqudgha
  7634 | Ossuary  | Reached skill level 1 in Necromancy
  7730 | Ossuary  | Reached XP level 10. HP: 72/73 MP: 15/15
  8008 | D:7      | Noticed a cyclops
  8099 | D:7      | Got an ancient leather armour
  8110 | D:7      | Identified the +2 leather armour of Voaruzer {+Fly rF+++
                  | MR+ Int-5} (You found it on level 7 of the Dungeon)
  8255 | D:7      | Killed a cyclops
  8255 | D:7      | Reached skill level 5 in Armour
  8358 | D:7      | Reached skill level 5 in Fighting
  8517 | D:7      | Noticed Harold
  8643 | D:6      | Learned a level 2 spell: Sublimation of Blood
  8647 | D:6      | Learned a level 3 spell: Vampiric Draining
  8832 | D:7      | Killed Harold
  8832 | D:7      | Reached skill level 1 in Shields
  8947 | D:7      | Noticed Prince Ribbit
  8967 | D:7      | Killed Prince Ribbit
  8967 | D:7      | Reached skill level 5 in Dodging
  9682 | D:8      | Reached skill level 5 in Spellcasting
  9817 | D:8      | Reached XP level 11. HP: 78/81 MP: 10/18
 10137 | D:8      | Found a staircase to the Lair.
 10242 | D:8      | Found Saveidoh's Gadget Boutique.
 10521 | D:9      | Found a sacrificial altar of Ru.
 10652 | D:9      | Noticed a two-headed ogre
 10653 | D:9      | Noticed a manticore
 10672 | D:9      | Killed a two-headed ogre
 10675 | D:9      | Killed a manticore
 10909 | D:9      | Reached *** piety under Kikubaaqudgha
 10909 | D:9      | Identified Kikubaaqudgha's Handbook of Dark Magic
                  | (Kikubaaqudgha gifted it to you on level 9 of the Dungeon)
 10909 | D:9      | Received a gift from Kikubaaqudgha
 10969 | D:9      | Learned a level 5 spell: Borgnjor's Vile Clutch
 11066 | D:9      | Found a hazy altar of Hepliaklqana.
 11253 | D:9      | Found a shimmering blue altar of Sif Muna.
 11354 | D:10     | Entered Level 10 of the Dungeon
 11380 | D:10     | Found Naehuoc's Gadget Boutique.
 11384 | D:10     | Got an opalescent robe
 11409 | D:9      | Identified the +1 robe of Abstinence {rCorr} (You found it
                  | on level 10 of the Dungeon)
 11433 | D:10     | Reached skill level 1 in Earth Magic
 11440 | D:10     | Reached skill level 5 in Necromancy
 11495 | D:10     | Learned a level 4 spell: Dispel Undead
 11589 | D:10     | Noticed a two-headed ogre
 11638 | D:10     | Killed a two-headed ogre
 12062 | D:11     | Reached **** piety under Kikubaaqudgha
 12157 | D:11     | Noticed Urug
 12166 | D:11     | Noticed a two-headed ogre
 12175 | D:11     | Killed a two-headed ogre
 12175 | D:11     | Reached skill level 5 in Earth Magic
 12181 | D:11     | Killed Urug
 12181 | D:11     | Reached XP level 12. HP: 59/89 MP: 1/21
 12315 | D:11     | Found a staircase to the Orcish Mines.
 12696 | Orc:1    | Entered Level 1 of the Orcish Mines
 12889 | Orc:1    | Noticed an orc warlord
 13103 | D:10     | Killed an orc warlord
 13347 | Orc:1    | Reached ***** piety under Kikubaaqudgha
 13400 | Orc:1    | Noticed a stone giant
 13495 | D:11     | Killed a stone giant
 13666 | Orc:1    | Found an iron altar of Okawaru.
 13715 | Orc:1    | Noticed an orc high priest
 13719 | Orc:1    | Killed an orc high priest
 13798 | D:11     | Reached XP level 13. HP: 60/96 MP: 2/22
 14248 | Orc:2    | Entered Level 2 of the Orcish Mines
 14376 | Orc:2    | Noticed Jorgrun
 14383 | Orc:1    | Reached skill level 5 in Shields
 14426 | Orc:2    | Found Kuaseoca's Assorted Antiques.
 14510 | Orc:2    | Found Ozeliuna's General Store.
 14520 | Orc:2    | Killed from afar by Jorgrun

Illustrated notes

Levels and vault maps discovered:
D:1:      minmay_arrival_shoal_huts, layout_loops_ring
D:2:      layout_loops_corners, cheibriados_altar_1,
          chequers_serial_rivers_small_a
D:3:      layout_loops_ring, uniq_sigmund
D:4:      layout_cave_pods, ashenzari_conservatory_becter, serial_shops,
          nicolae_shop_temple_entry_statues_fountains, first_ration
D:5:      layout_rooms, minmay_temple_entry_slanted, evilmike_ruin_ashenzari
D:6:      layout_basic, kennysheep_mini_moat, grunt_temple_overflow_open
D:7:      layout_loops_corners, nicolae_ossuary_entry_catacombs, uniq_harold,
          uniq_prince_ribbit1
D:8:      layout_basic, dpeg_oklobed_lair, serial_shops, shop
D:9:      minmay_cornered_nines, layout_stronghold,
          nicolae_overflow_hidden_temple, lemuel_round_altar, marbit_many_paths
D:10:     layout_gridville, serial_shops, shop
D:11:     layout_cave_pools, erik_orc_1, uniq_urug
Temple:   minmay_freezing_vapour_temple
Orc:1:    layout_diamond_mine, okawaru_metal_pillars_1_2
Orc:2:    grunt_orc_gardens, layout_caves, grunt_orc_garden, grunt_orc_garden,
          grunt_orc_garden, grunt_orc_garden, serial_shops,
          nicolae_shop_statue_plus, shop, nicolae_shop_behind_doors,
          uniq_jorgrun, uniq_josephine

Skill      XL: |  1  2  3  4  5  6  7  8  9 10 11 12 13 |
---------------+----------------------------------------+-----
Conjurations   | 1 2 3 4 5 6 |  6.0
Fire Magic     | 1 3 4 5 |  5.0
Air Magic      | 1 2 4 5 |  5.0
Dodging        | 2 4 5 6 |  6.9
Fighting       | 2 4 6 7 |  7.9
Armour         | 2 4 6 7 8 |  8.0
Necromancy     | 1 3 7 9 |  9.0
Spellcasting   | 5 6 |  6.0
Shields        | 3 4 5 |  5.4
Earth Magic    | 6 9 |  9.0
Stealth        | |  2.4
Summonings     | |  1.0
Translocations | |  0.8

Action                   |  1- 3 |  4- 6 |  7- 9 | 10-12 | 13-15 || total
-------------------------+-------+-------+-------+-------+-------++-------
Melee: Short sword       |    30 |    45 |     3 |       |       ||    78
       Spear             |       |    29 |    71 |    28 |       ||   128
       Scimitar          |       |       |   123 |       |       ||   123
       Dagger            |       |       |    55 |   542 |    49 ||   646
       Halberd           |       |       |       |    12 |       ||    12
 Fire: Hunting sling     |       |       |    92 |    45 |       ||   137
Throw: Dart              |       |    16 |     6 |    10 |       ||    32
       Stone             |       |     8 |    18 |       |       ||    26
 Cast: Magic Dart        |   100 |   112 |    56 |    24 |       ||   292
       Mephitic Cloud    |       |     6 |    16 |    67 |     5 ||    94
       Conjure Flame     |       |     4 |    34 |    34 |       ||    72
       Vampiric Draining |       |       |       |    24 |     6 ||    30
       Borgnjor's Vile C |       |       |       |    19 |    12 ||    31
       Sublimation of Bl |       |       |       |     4 |    12 ||    16
 Abil: Dig               |     3 |     6 |     6 |    33 |     1 ||    49
Evoke: Wand              |       |       |       |     2 |       ||     2
  Use: Scroll            |       |     6 |     3 |    12 |       ||    21
       Potion            |       |       |     1 |       |       ||     1
 Stab: Sleeping          |     1 |     2 |     2 |     2 |       ||     7
       Confused          |       |       |     1 |    18 |     2 ||    21
  Eat: Chunk             |     3 |     6 |    15 |    29 |     7 ||    60
       Ration            |       |     1 |       |     1 |       ||     2
Armor: Robe              |     6 |    40 |    73 |    17 |       ||   136
       Troll leather arm |       |       |       |   111 |    21 ||   132
Dodge: Dodged            |    35 |    56 |   126 |   374 |    42 ||   633
Block: Buckler           |       |       |       |    69 |    16 ||    85
       Rpst.: Scimitar   |       |       |    26 |       |       ||    26
